 Dungeon Sprint DCSS version 0.22.1-1-ga44c0e56f4 (webtiles) character file.

6049 MuseOD the Unseen (level 10, -4/47 (51) HPs)
             Began as a Spriggan Enchanter on Sept 26, 2018.
             Was a High Priest of Dithmenos.
             Succumbed to poison (dark miasma)
             ... in the Dungeon (Sprint III: "The Ten Rune Challenge").
             The game lasted 00:05:25 (1501 turns).

MuseOD the Unseen (Spriggan Enchanter)              Turns: 1501, Time: 00:05:26

HP:   -4/47 (51)    AC:  4    Str:  4    XL:     10   Next: 57%
MP:   23/23         EV: 32    Int: 19    God:    Dithmenos [*****.]
Gold: 35            SH:  0    Dex: 18    Spells: 13/25 levels left

rFire    + . .     SeeInvis +   f - +0 dagger (holy)
rCold    . . .     Gourm    .   (shield restricted)
rNeg     . . .     Faith    .   c - +2 robe {rF+}
rPois    .         Spirit   .   (helmet restricted)
rElec    .         Reflect  .   (no cloak)
rCorr    .         Harm     .   (gloves unavailable)
MR       +....     NoTele   +   (boots unavailable)
Stlth    ++++++++++             (no amulet)
HPRegen  0.00/turn              (no ring)
MPRegen  0.18/turn              (no ring)

@: lethally poisoned (-4 -> -140), non-regenerating, badly diseased, wreathed by
umbra, very quick
A: very small, unfitting armour, see invisible, herbivore, speed 3, slow
metabolism 2
a: Shadow Step, Shadow Form, Renounce Religion


You were in the Dungeon.
You worshipped Dithmenos.
Dithmenos was extremely pleased with you.
You were not hungry.

You visited 1 branch You collected 35 gold pieces.

Inventory:

Hand Weapons
 a - a +1 dagger
 f - a +0 dagger of holy wrath (weapon)
Armour
 b - a +0 robe
 c - a +2 robe of fire resistance (worn)
Scrolls
 j - a scroll of blinking
 k - a scroll of torment {unknown}
 l - 13 scrolls of identify
 m - 2 scrolls of remove curse
 p - 2 scrolls of immolation {unknown}
Potions
 g - a potion of haste
 h - a potion of magic
 i - 3 potions of mutation {unknown}
 n - 3 potions of might
 o - 2 potions of flight {unknown}
 q - a potion of berserk rage
 r - a potion of heal wounds
Comestibles
 d - 5 rations


   Skills:
 - Level 5.4 Fighting
 - Level 10.3 Short Blades
 + Level 16.4 Dodging
 + Level 19.7 Stealth
 - Level 8.4 Spellcasting
 + Level 14.3 Hexes


You had 13 spell levels left.
You knew the following spells:

 Your Spells              Type           Power        Failure   Level  Hunger
a - Corona                Hex            ######.      1%          1    None
b - Ensorcelled Hibernat  Hex/Ice        #####.       1%          2    None
c - Confuse               Hex            ######..     1%          3    None
d - Dazzling Spray        Conj/Hex       #####.       1%          3    None
e - Tukima's Dance        Hex            ######..     1%          3    None

Your spell library contained the following spells:

 Spells                   Type           Power        Failure   Level  Hunger
 Confusing Touch          Hex            ######       1%          1    None
 Animate Skeleton         Necr           N/A          9%          1    None
 Apportation              Tloc           #.....       9%          1    None
 Summon Small Mammal      Summ           #...         9%          1    None


Dungeon Overview and Level Annotations

Branches:
Dungeon (1/1)

Altars:
Dithmenos
Elyvilon
Kikubaaqudgha
Okawaru
Ru
Sif Muna
Trog
Uskayaw
Vehumet
Wu Jian
Yredelemnul
Zin
The Shining One
Beogh


Innate Abilities, Weirdness & Mutations

You are very small and have problems with some larger weapons.
You are too small for most types of armour.
You have supernaturally acute eyesight. (SInv)
You are a herbivore.
You cover ground extremely quickly.
You need to consume almost no food.


Message History

You feel sick.
You are engulfed in dark miasma.
You are lethally poisoned!
You feel sick.
There is an open door here.
You are engulfed in dark miasma.
You are more poisoned.
You feel your flesh rotting away!
You feel ill.
You feel very sick.
You see here 10 scrolls of identify.
You close the door.
You are engulfed in dark miasma.
You are more poisoned.
You feel your flesh rotting away!
You feel ill.
* * * LOW HITPOINT WARNING * * *
You feel extremely sick.
l - 13 scrolls of identify (gained 10)
You are engulfed in dark miasma.
You are more poisoned.
* * * LOW HITPOINT WARNING * * *
You die...

♣P.+..)....#
♣PP#..(....# ♣♣
##'########
#...'(≈≈≈≈#
#.).#.≈§≈§#
#)..#.#§§§##
#####.#§§§≈###≈
#.....###§≈≈≈≈≈
#.....#@#.≈§≈≈≈
#....P#+###≈≈≈≈
#.....#§§§#c≈ §
#+#####§§§###
#..§..'§§§§§#
#.###########
#.# #.# #.#


There were no monsters in sight!

Vanquished Creatures
  Dowan (D)
  Erolcha (D)
  A skeletal warrior (D)
  A deep elf mage (D)
  Duvessa (D)
  2 yaktaurs (D)
  2 orc high priests (D)
  A shadow (D)
  2 redbacks (D)
  A floating eye (D)
  A necrophage (D)
  5 two-headed ogres (D)
  A water elemental (D)
  A jelly (D)
  An orc priest (D)
  A wizard (D)
  Jessica (D)
  A necromancer (D)
  A kobold demonologist (D)
  3 humans (D)
  A wolf (D)
  An ooze (D)
  2 rats (D)
33 creatures vanquished.

Vanquished Creatures (others)
  2 draconian scorchers (D)
  6 hellions (D)
  2 yaktaurs (D)
  An orc priest (D)
  11 plants (D)
22 creatures vanquished.

Grand Total: 55 creatures vanquished

Notes
Turn   | Place    | Note
-------+----------+-------------------------------------------
     0 | D        | MuseOD the Spriggan Enchanter began the quest for the Orb.
     0 | D        | Reached XP level 1. HP: 9/9 MP: 5/5
     4 | D        | Reached skill level 5 in Stealth
     8 | D        | Reached skill level 1 in Fighting
    12 | D        | Noticed Jessica
    35 | D        | Killed Jessica
    35 | D        | Reached skill level 6 in Stealth
    35 | D        | Reached XP level 2. HP: 2/15 MP: 4/8
    35 | D        | Reached XP level 3. HP: 3/18 MP: 4/9
    58 | D        | Killed a hellion
    93 | D        | Killed a hellion
   113 | D        | Killed a hellion
   129 | D        | Killed a hellion
   144 | D        | Killed a hellion
   158 | D        | Killed a white draconian scorcher
   163 | D        | Killed a hellion
   182 | D        | Killed a white draconian scorcher
   230 | D        | Learned a level 2 spell: Ensorcelled Hibernation
   234 | D        | Learned a level 3 spell: Confuse
   238 | D        | Learned a level 3 spell: Dazzling Spray
   266 | D        | Killed a yaktaur
   298 | D        | Killed a yaktaur
   366 | D        | Reached skill level 5 in Short Blades
   432 | D        | Noticed a water elemental
   435 | D        | Killed a water elemental
   435 | D        | Reached skill level 8 in Stealth
   435 | D        | Reached skill level 5 in Spellcasting
   435 | D        | Reached XP level 4. HP: 24/24 MP: 10/12
   452 | D        | Found a basalt altar of Yredelemnul.
   452 | D        | Found a shadowy altar of Dithmenos.
   452 | D        | Found a sacrificial altar of Ru.
   452 | D        | Noticed a necrophage
   460 | D        | HP: 1/24 [necromancer/bolt of fire (9)]
   464 | D        | Reached XP level 5. HP: 28/28 MP: 7/14
   474 | D        | Killed a necrophage
   474 | D        | Reached skill level 9 in Stealth
   555 | D        | Became a worshipper of Dithmenos the Shadowed
   562 | D        | Found a hide-covered altar of Uskayaw.
   562 | D        | Found a roughly hewn altar of Beogh.
   562 | D        | Found an iron altar of Okawaru.
   562 | D        | Found a bloodstained altar of Trog.
   562 | D        | Found an ornate altar of the Wu Jian Council.
   562 | D        | Noticed a human
   569 | D        | Killed a human
   569 | D        | Reached skill level 5 in Fighting
   569 | D        | Reached skill level 10 in Stealth
   569 | D        | Reached XP level 6. HP: 35/35 MP: 7/17
   631 | D        | Noticed a human
   634 | D        | Killed a human
   634 | D        | Reached skill level 10 in Short Blades
   634 | D        | Reached skill level 11 in Stealth
   645 | D        | Learned a level 3 spell: Tukima's Dance
   663 | D        | Found a radiant altar of Vehumet.
   664 | D        | Found a deep blue altar of Sif Muna.
   664 | D        | Found an ancient bone altar of Kikubaaqudgha.
   665 | D        | Reached * piety under Dithmenos
   665 | D        | Reached XP level 7. HP: 39/39 MP: 19/19
   707 | D        | Found a glowing silver altar of Zin.
   707 | D        | Found a glowing golden altar of the Shining One.
   707 | D        | Found a white marble altar of Elyvilon.
   708 | D        | Noticed a deep elf mage
   710 | D        | Killed a deep elf mage
   710 | D        | Reached skill level 13 in Stealth
   722 | D        | Noticed a shadow
   724 | D        | Killed a shadow
   724 | D        | Reached ** piety under Dithmenos
   724 | D        | Reached XP level 8. HP: 44/44 MP: 21/21
   778 | D        | Reached skill level 14 in Stealth
   783 | D        | Reached *** piety under Dithmenos
   786 | D        | Noticed a two-headed ogre
   794 | D        | Killed a two-headed ogre
   794 | D        | Reached skill level 10 in Dodging
   808 | D        | Noticed a two-headed ogre
   808 | D        | Noticed Erolcha
   810 | D        | Killed Erolcha
   810 | D        | Reached skill level 16 in Stealth
   810 | D        | Reached skill level 10 in Hexes
   810 | D        | Reached XP level 9. HP: 47/47 MP: 22/22
   811 | D        | Killed a two-headed ogre
   819 | D        | Reached **** piety under Dithmenos
   821 | D        | Reached skill level 17 in Stealth
   835 | D        | Noticed Dowan
   835 | D        | Noticed Duvessa
   839 | D        | Killed Dowan
   839 | D        | Reached skill level 15 in Dodging
   839 | D        | Reached skill level 18 in Stealth
   839 | D        | Reached XP level 10. HP: 51/51 MP: 23/23
   879 | D        | Killed Duvessa
   977 | D        | Noticed a rust devil
  1060 | D        | Reached ***** piety under Dithmenos
  1097 | D        | Reached skill level 19 in Stealth
  1257 | D        | Noticed a skeletal warrior
  1259 | D        | Killed a skeletal warrior
  1501 | D        | Succumbed to poison (dark miasma)

Skill      XL: |  1  2  3  4  5  6  7  8  9 10 |
---------------+-------------------------------+-----
Short Blades   | 4 6 7 9 10 | 10.3
Stealth        | 6 8 10 11 13 16 18 19 | 19.7
Spellcasting   | 4 5 6 7 8 |  8.4
Fighting       | 2 3 5 |  5.4
Hexes          | 4 7 10 13 14 | 14.3
Dodging        | 8 12 15 16 | 16.4

Action                   |  1- 3 |  4- 6 |  7- 9 | 10-12 || total
-------------------------+-------+-------+-------+-------++-------
Melee: Dagger            |    31 |    16 |    15 |    48 ||   110
 Cast: Corona            |     3 |       |       |       ||     3
       Confuse           |     3 |     4 |       |    12 ||    19
       Ensorcelled Hiber |       |     4 |     4 |       ||     8
       Dazzling Spray    |       |     3 |       |     1 ||     4
  Use: Potion            |     1 |     2 |       |     1 ||     4
 Stab: Sleeping          |     3 |     2 |    12 |     1 ||    18
       Confused          |     2 |     3 |       |     9 ||    14
       Invisible         |       |     1 |       |       ||     1
       Held in net/web   |       |       |     1 |       ||     1
       Distracted        |       |       |       |     1 ||     1
Armor: Robe              |       |     3 |       |       ||     3
Dodge: Dodged            |    10 |     6 |     2 |     9 ||    27
